 Dungeon Crawl Stone Soup version 0.25.0-9-g26727b6 (webtiles) character file.

Game seed: 12079887212744261225

273 Inchmeat the Cleaver (level 6, 0/50 HPs)
             Began as a Hill Orc Gladiator on June 17, 2020.
             Was an Initiate of the Shining One.
             Succumbed to an orc wizard's poison
             ... on level 4 of the Dungeon.
             The game lasted 00:02:32 (3451 turns).

Inchmeat the Cleaver (Hill Orc Gladiator)           Turns: 3451, Time: 00:02:33

Health: 0/50       AC: 10    Str: 19    XL:     6   Next: 24%
Magic:  6/6        EV:  8    Int:  8    God:    the Shining One [......]
Gold:   169        SH:  0    Dex: 12    Spells: 5/5 levels left

rFire    . . .     SeeInvis .   a - +0 war axe
rCold    . . .     Gourm    .   (no shield)
rNeg     . . .     Faith    .   j - +0 chain mail
rPois    .         Spirit   .   c - +0 helmet
rElec    .         Reflect  .   e - +0 cloak
rCorr    .         Harm     .   (no gloves)
MR       .....                  (no boots)
Stlth    ..........             (no amulet)
HPRegen  0.16/turn              (no ring)
MPRegen  0.10/turn              (no ring)

@: lethally poisoned (0 -> -16), starving, hasted, glowing, lightly drained,
very quick
A: no striking features
a: Renounce Religion


You were on level 4 of the Dungeon.
You worshipped the Shining One.
The Shining One was noncommittal.
You were starving.

You visited 1 branch of the dungeon, and saw 4 of its levels.

You collected 169 gold pieces.

Inventory:

Hand Weapons
 a - a +0 war axe (weapon)
Missiles
 d - 2 throwing nets (quivered)
 l - 42 bolts
Armour
 c - a +0 helmet (worn)
 e - a +0 cloak (worn)
 j - a +0 chain mail (worn)
Jewellery
 q - an uncursed ring of resist corrosion {unknown}
Wands
 p - a wand of digging (7)
Scrolls
 b - 5 scrolls of identify {unknown}
 g - 3 scrolls of magic mapping {unknown}
 k - 2 scrolls of immolation {unknown}
 m - a scroll of enchant weapon {unknown}
 o - a scroll of blinking {unknown}
 r - a scroll of noise {unknown}
Potions
 h - a potion of cancellation {unknown}
 i - a potion of stabbing {unknown}
 s - a potion of magic {unknown}
Comestibles
 f - 7 rations


   Skills:
 - Level 2.4(2.0) Fighting
 + Level 9.0(8.5) Axes
 - Level 1.7(1.3) Throwing
 - Level 2.4(2.0) Dodging


You had 5 spell levels left.
You didn't know any spells.
Your spell library was empty.

Dungeon Overview and Level Annotations

Branches:
Dungeon (4/15)
 Temple: D:4-7

Altars:
Ashenzari
Gozag
The Shining One


Message History

Ye feel sick.
Somethin' hits ye.
Ye feel sick.
Somethin' hits ye but does nay damage.
Ye be leth'lly poison'd!
Ye feel less confused.
* * * LOW HITPOINT WARNIN'
* * * Ye feel sick.
Tha gnoll hits ye but does nay damage.
Re'lly walk inta tha dispersal trap?
Ye enter a dispersal trap!
Tha gnoll blinks! x2; Ye blink.
* * * LOW HITPOINT WARNIN'
* * * Ye feel sick.
A puff o' flame appears from outta thin air!
Tha puff o' flame hits ye!
* * * LOW HITPOINT WARNIN'
* * * Unknown command.
* * * LOW HITPOINT WARNIN'
* * * Ye feel sick.
Tha gnoll enters a dispersal trap!
Ye blink.
Tha gnoll blinks!
Unknown command.
Unknown command.
It was a potion o' haste.
Ye feel yerself speed up.
Ye die...

# #. ## #. .###.. .. ..
#.# ..#.##.# #..
#..##......##...
#..#....#.>..
##....#...... #.........#
###..#......# #
#......%.@..# .# ### .
..###..§..g)##.### #..
....#####..§.)..<.....
....#
.......§...§.....#..## #
## ....#####.#####.## .#
#. . #....# #.# ... #.
#....# #(# #...####.
#....#####.##............
#.........)...# ##.###..


You could see a gnoll.

Vanquished Creatures
  An ogre (D:4)
  An iguana (D:4)
  Ijyb (D:3)
  A hound skeleton (D:4)
  5 adders
  An ooze (D:3)
  3 dart slugs
  2 leopard geckos (D:1)
  7 orcs
  2 ball pythons
  2 giant cockroaches
  8 hobgoblins
  4 jackals (D:2)
  6 kobolds
  4 bats
  4 frilled lizards
  3 goblins
  6 rats
61 creatures vanquished.

Notes
Turn   | Place    | Note
-------+----------+-------------------------------------------
     0 | D:1      | Inchmeat the Hill Orc Gladiator began the quest for the
                  | Orb.
     0 | D:1      | Reached XP level 1. HP: 18/18 MP: 1/1
   181 | D:1      | Reached XP level 2. HP: 25/25 MP: 2/2
   416 | D:1      | Reached skill level 5 in Axes
   702 | D:1      | Reached XP level 3. HP: 25/30 MP: 3/3
  1158 | D:2      | Reached skill level 6 in Axes
  1613 | D:2      | Reached XP level 4. HP: 35/37 MP: 4/4
  1767 | D:3      | Found a glowing golden altar of the Shining One.
  1934 | D:3      | Became a worshipper of the Shining One
  1972 | D:3      | Noticed Ijyb
  1984 | D:3      | Killed Ijyb
  1984 | D:3      | Reached skill level 7 in Axes
  2550 | D:3      | Reached XP level 5. HP: 33/42 MP: 5/5
  2807 | D:3      | Found a shattered altar of Ashenzari.
  3077 | D:4      | Noticed an ogre
  3080 | D:4      | Found an opulent altar of Gozag.
  3086 | D:4      | Killed an ogre
  3086 | D:4      | Reached skill level 8 in Axes
  3086 | D:4      | Reached XP level 6. HP: 50/50 MP: 6/6
  3424 | D:4      | Reached skill level 9 in Axes
  3450 | D:4      | HP: 1/50 [poisoned by an orc wizard]
  3451 | D:4      | Succumbed to an orc wizard's poison

Illustrated notes

Levels and vault maps discovered:
D:1:      nzn_arrival_depleted_hourglass, layout_basic
D:2:      layout_loops_cross
D:3:      layout_basic, lemuel_crystal_altar, nicolae_overflow_hidden_temple,
          serial_forest, infiniplex_forest_zigzag_1,
          infiniplex_forest_lined_room_3, infiniplex_forest_clump_diagonal,
          infiniplex_forest_lined_room_2, infiniplex_forest_end_1,
          infiniplex_forest_lined_room_3, infiniplex_forest_corner_1,
          interstate_on_off, chequers_serial_rivers_micro_d, uniq_ijyb
D:4:      layout_rooms, grunt_gozag_breadcrumbs

Skill      XL: |  1  2  3  4  5  6 |
---------------+-------------------+-----
Axes           | 5 6 7 8 9 |  9.0
Fighting       | |  2.4
Throwing       | |  1.7
Dodging        | |  2.4

Action                   |  1- 3 |  4- 6 || total
-------------------------+-------+-------++-------
Melee: War axe           |   107 |    90 ||   197
Throw: Throwing net      |       |     1 ||     1
  Use: Potion            |       |     1 ||     1
  Eat: Chunk             |     2 |     4 ||     6
Armor: Leather armour    |    16 |       ||    16
       Chain mail        |    59 |    47 ||   106
Dodge: Dodged            |    59 |    35 ||    94
